 Dungeon Crawl Stone Soup version 0.25-a0-346-g140ab784a8 (webtiles) character file.

Game seed: 15365927495882562797, levelgen mode: classic

3264 Borgoz the Protected (level 10, -6/66 HPs)
             Began as a Gargoyle Fighter on Jan 1, 2020.
             Was an Elder of the Shining One.
             Killed from afar by a blizzard demon (13 damage)
             ... with a bolt of lightning
             ... on level 3 of the Abyss.
             The game lasted 00:09:44 (6034 turns).

Borgoz the Protected (Gargoyle Fighter)             Turns: 6034, Time: 00:09:44

Health: -6/66      AC: 19    Str: 27    XL:     10   Next: 0%
Magic:  10/10      EV:  8    Int: 10    God:    the Shining One [****..]
Gold:   350        SH: 10    Dex: 11    Spells: 9/9 levels left

rFire    . . .     SeeInvis .   b - +5 hand axe of the Sky {freeze, MR+ Int+2}
rCold    + . .     Gourm    .   c - +0 shield
rNeg     + + +     Faith    +   v - +0 ring mail
rPois    ∞         Spirit   .   y - +2 hat
rElec    +         Reflect  .   H - +0 cloak
rCorr    .         Harm     .   (no gloves)
MR       +....                  u - +0 pair of boots
Stlth    ..........             r - amulet of faith
HPRegen  0.21/turn              q - ring of protection from cold
MPRegen  0.12/turn              (no ring)

@: mighty, glowing
A: negative energy resistance 1, electricity resistance, unbreathing,
petrification resistance, rot immunity, AC +7
a: Divine Shield, Cleansing Flame, Renounce Religion


You were on level 3 of the Abyss.
You worshipped the Shining One.
The Shining One was greatly pleased with you.
You were not hungry.

You visited 1 branch of the dungeon, and saw 8 of its levels.
You visited the Abyss 1 time.

You collected 350 gold pieces.

Inventory:

Hand Weapons
 a - a +0 flail
 b - the +5 hand axe of the Sky (weapon) {freeze, MR+ Int+2}
   (You found it on level 6 of the Dungeon)

   It has been specially enchanted to freeze those struck by it, causing extra
   injury to most foes and up to half again as much damage against particularly
   susceptible opponents.
   It can also slow down cold-blooded creatures.
   It affects your intelligence (+2).
   It affects your resistance to hostile enchantments.
Armour
 c - a +0 shield (worn)
 u - a +0 pair of boots (worn)
 v - a +0 ring mail (worn)
 y - a +2 hat (worn)
 H - a +0 cloak (worn)
Jewellery
 q - a ring of protection from cold (left hand)
 r - an amulet of faith (around neck)
 t - an uncursed ring of fire
 I - an uncursed ring of flight
 J - an uncursed ring of see invisible
Wands
 l - a wand of polymorph (12)
 L - a wand of enslavement (10)
 M - a wand of paralysis (7)
 P - a wand of digging (6)
Scrolls
 e - a scroll of teleportation {unknown}
 j - 5 scrolls of remove curse
 n - a scroll of enchant weapon {unknown}
 s - a scroll of magic mapping {unknown}
 C - a scroll of blinking {unknown}
 D - 3 scrolls of fear {unknown}
 E - 2 scrolls of amnesia {unknown}
 F - a scroll of noise {unknown}
 K - 3 scrolls of fog {unknown}
 O - a scroll of silence {unknown}
 Q - a scroll of enchant armour {unknown}
Potions
 d - a potion of might
 g - 4 potions of heal wounds
 i - 4 potions of mutation
 k - 4 potions of brilliance
 m - 2 potions of ambrosia
 o - a potion of resistance {unknown}
 p - a potion of magic
 w - a potion of flight {unknown}
 x - 6 potions of curing
 z - a potion of agility {unknown}
 A - 2 potions of haste
 B - a potion of lignification
 G - 2 potions of berserk rage
Comestibles
 f - 12 rations


   Skills:
 + Level 9.3 Fighting
 + Level 8.1 Maces & Flails
 + Level 9.3 Armour
 - Level 3.2 Shields


You had 9 spell levels left.
You didn't know any spells.
Your spell library contained the following spells:

 Spells                   Type           Power        Failure   Level  Hunger
 Animate Skeleton         Necr           N/A          94%         1    ##.....
 Apportation              Tloc           #.....       94%         1    ##.....
 Confusing Touch          Hex            #.....       94%         1    ##.....
 Magic Dart               Conj           #...         94%         1    ##.....
 Summon Small Mammal      Summ           #...         94%         1    ##.....
 Searing Ray              Conj           #.....       98%         2    ###....
 Confuse                  Hex            #.......     100%        3    ####...
 Dazzling Flash           Conj/Hex       #.....       100%        3    ####...
 Gell's Gravitas          Tloc           #.........   100%        3    ####...
 Fulminant Prism          Conj/Hex       #.........   100%        4    #####..
 Iskenderun's Mystic Bla  Conj/Tloc      #.......     100%        4    #####..
 Petrify                  Tmut/Erth      #.......     100%        4    #####..
 Metabolic Englaciation   Hex/Ice        #.........   100%        5    ######.
 Yara's Violent Unravell  Hex/Tmut       #.........   100%        5    ######.


Dungeon Overview and Level Annotations

Branches:
Dungeon (8/15)             Temple (0/1) D:6
   Lair: D:8-11

Altars:
Kikubaaqudgha
Makhleb
Okawaru
Sif Muna
Uskayaw
The Shining One

Shops:
D:5 [   D:6 (   D:7 [

Annotations:
D:8 Psyche


Innate Abilities, Weirdness & Mutations

You are resistant to torment.
Your stone body is resilient. (AC +7)
You are immune to poison.
You resist negative energy. (rN+)
You are resistant to electric shocks. (rElec)
You can survive without breathing.
You are immune to petrification.
You are immune to rotting.


Message History

Unknown command.
You slash the blizzard demon! You freeze the blizzard demon.
The blizzard demon is almost dead.
You are engulfed in freezing vapours.
You resist.
* * * LOW HITPOINT WARNING * * *
The blizzard demon is engulfed in freezing vapours.
The blizzard demon gestures at you. The bolt of cold hits you! You resist.
The Shining One protects you from harm!
You feel much better.
You are engulfed in freezing vapours.
You resist.
* * * LOW HITPOINT WARNING * * *
The blizzard demon gestures at you. The freezing blast engulfs you! You resist.
* * * LOW HITPOINT WARNING * * *
You closely miss the blizzard demon.
The blizzard demon is almost dead.
The blizzard demon is engulfed in freezing vapours.
The blizzard demon gestures at you. The bolt of lightning hits you! You resist.
You die...

.. #...# # . ..
......... ..§§# ## ...
...#....##.##.. .....#
.....#.#. ....#
#..#.#.........##....
# # .
.....#...#.#.##.##.#..
.....○
#..###..#...#..# #..
##.#..☼2☼☼..### ....##
........#@☼#....# ..
.. .. #....###○☼.##.#
#. #. .....###.☼.#..##
.. . .. .. # .##..#.#
.. # .#. ##... ..## ..
. ....#. #### ...# ..
..≈.#.... ##..# ...
..... . ..# . ...#. .#
.#.


You could see a blizzard demon.

Vanquished Creatures
  Joseph (D:7)
  A hippogriff (D:8)
  A small abomination (Abyss:2)
  A hungry ghost (D:8)
  2 insubstantial wisps (Abyss:2)
  2 water moccasins
  An orc warrior (D:7)
  A black bear (D:6)
  A sky beast (D:8)
  An ogre (D:8)
  2 centaurs
  A crocodile (D:8)
  3 bullfrogs
  4 scorpions
  3 killer bees (D:7)
  2 howler monkeys (D:6)
  3 crimson imps
  A quasit (Abyss:3)
  5 hounds
  2 jellies (D:8)
  2 orc wizards (D:3)
  3 iguanas
  4 worker ants
  A mummy (D:6)
  11 gnolls
  6 adders
  3 oozes
  2 adder zombies
  2 adder skeletons
  5 worms
  2 dart slugs (D:1)
  A leopard gecko (D:7)
  7 orcs
  5 ball pythons
  3 bats
  3 giant cockroaches
  14 goblins
  11 hobgoblins
  11 jackals
  5 kobolds
  2 quokkas
  3 frilled lizards
  2 hobgoblin zombies (D:6)
  A jackal skeleton (D:8)
  A kobold zombie (D:6)
  A leopard gecko zombie (D:5)
  An orc zombie (D:6)
  2 quokka skeletons
  11 rats
163 creatures vanquished.

Notes
Turn   | Place    | Note
-------+----------+-------------------------------------------
     0 | D:1      | Borgoz the Gargoyle Fighter began the quest for the Orb.
     0 | D:1      | Reached XP level 1. HP: 14/14 MP: 1/1
    75 | D:1      | Reached XP level 2. HP: 14/19 MP: 2/2
   372 | D:1      | Reached XP level 3. HP: 24/24 MP: 3/3
   770 | D:2      | Found an ancient bone altar of Kikubaaqudgha.
   771 | D:2      | Found a hide-covered altar of Uskayaw.
   771 | D:2      | Found a glowing golden altar of the Shining One.
   772 | D:2      | Found a shimmering blue altar of Sif Muna.
   783 | D:2      | Became a worshipper of the Shining One
  1410 | D:3      | Reached XP level 4. HP: 29/29 MP: 4/4
  1459 | D:3      | Found a burning altar of Makhleb.
  1516 | D:3      | Found an iron altar of Okawaru.
  1877 | D:3      | Reached XP level 5. HP: 32/34 MP: 5/5
  1924 | D:3      | Reached * piety under the Shining One
  2389 | D:4      | Reached skill level 5 in Armour
  2389 | D:4      | Reached XP level 6. HP: 22/40 MP: 6/6
  2635 | D:4      | Reached skill level 5 in Fighting
  2883 | D:5      | Entered Level 5 of the Dungeon
  2942 | D:5      | Found a burning altar of Makhleb.
  2944 | D:5      | Noticed a balrug
  2956 | D:5      | Found Xivving's Armour Shoppe.
  3140 | D:5      | Reached XP level 7. HP: 44/44 MP: 7/7
  3227 | D:5      | Reached ** piety under the Shining One
  3697 | D:6      | Reached skill level 5 in Maces & Flails
  3776 | D:6      | Reached XP level 8. HP: 49/52 MP: 8/8
  4001 | D:6      | Found Tyfifef's Antique Weapon Shop.
  4088 | D:6      | Got an iridescent hand axe
  4089 | D:6      | Identified the +5 hand axe of the Sky {freeze, MR+ Int+2}
                  | (You found it on level 6 of the Dungeon)
  4397 | D:6      | Found a staircase to the Ecumenical Temple.
  4768 | D:7      | Found Ligu Cek's Armour Boutique.
  4980 | D:7      | Reached *** piety under the Shining One
  5026 | D:7      | Reached XP level 9. HP: 58/58 MP: 9/9
  5405 | D:7      | Noticed Joseph
  5419 | D:7      | Killed Joseph
  5745 | D:8      | Noticed Psyche
  5750 | D:8      | Cast into level 1 of the Abyss (Psyche)
  5844 | Abyss:1  | Noticed a starcursed mass
  5854 | Abyss:1  | Paralysed by accursed screaming for 1 turns
  6010 | Abyss:3  | Noticed a blizzard demon
  6030 | Abyss:3  | Reached **** piety under the Shining One
  6030 | Abyss:3  | Reached XP level 10. HP: 42/66 MP: 10/10
  6032 | Abyss:3  | The Shining One protects you from harm!
  6034 | Abyss:3  | Killed from afar by a blizzard demon

Levels and vault maps discovered:
D:1:      matt_arrival_grand_opening, layout_rooms
D:2:      layout_basic, chequers_temple_overflow_statue_of_worship,
          minmay_goblin_outpost
D:3:      layout_basic, old_standard_altar, lemuel_doored_altar
D:4:      layout_cave_pools, first_ration
D:5:      layout_gridville, serial_shops, shop, makhleb_altar_promises_db
D:6:      layout_layer_cave, minmay_temple_entry_waves, serial_shops, shop,
          minmay_mini_ossuary
D:7:      layout_basic, serial_shops, nicolae_shop_stone,
          hangedman_decor_riveting, uniq_joseph
D:8:      layout_rooms, uniq_psyche
Abyss:3:  base: D:3, guppyfry_abyss_exit_imp_island, minivault_5,
          evilmike_abyss_exit_6, hangedman_decor_riveting

Skill      XL: |  1  2  3  4  5  6  7  8  9 |
---------------+----------------------------+-----
Armour         | 4 5 6 7 9 |  9.3
Fighting       | 4 5 6 7 9 |  9.3
Maces & Flails | 3 4 5 6 8 |  8.1
Shields        | |  3.2

Action                   |  1- 3 |  4- 6 |  7- 9 | 10-12 || total
-------------------------+-------+-------+-------+-------++-------
Melee: Flail             |   147 |   187 |    93 |       ||   427
       Hand axe          |       |       |   152 |     3 ||   155
       Morningstar       |       |       |     6 |       ||     6
  Use: Scroll            |       |     8 |     4 |       ||    12
       Potion            |       |       |     2 |     1 ||     3
  Eat: Chunk             |     1 |     6 |     9 |       ||    16
       Ration            |       |       |     1 |       ||     1
Armor: Scale mail        |    85 |    57 |       |       ||   142
       Ring mail         |       |    58 |   153 |       ||   211
Dodge: Dodged            |    37 |    57 |   102 |       ||   196
Block: Shield            |    87 |    93 |   118 |     3 ||   301

Table legend:
 A = Non-vault XP
 B = Vault XP
 C = Vault XP percentage of total XP
 D = Non-vault monster count
 E = Vault monster count
 F = Vault count percentage of total count
                 A         B        C        D         E       F
            +---------+---------+-------+---------+---------+-------
      Total |    4208 |     456 |   9.8 |     151 |      12 |   7.4
            +---------+---------+-------+---------+---------+-------
        D:1 |      40 |       0 |   0.0 |      20 |       0 |   0.0
        D:2 |      30 |      11 |  26.8 |      11 |       6 |  35.3
        D:3 |     181 |       0 |   0.0 |      36 |       0 |   0.0
        D:4 |     161 |       0 |   0.0 |       7 |       0 |   0.0
        D:5 |     402 |       0 |   0.0 |      18 |       0 |   0.0
        D:6 |     679 |      22 |   3.1 |      14 |       5 |  26.3
        D:7 |     888 |     423 |  32.3 |      22 |       1 |   4.3
        D:8 |    1250 |       0 |   0.0 |      19 |       0 |   0.0
    Abyss:2 |     553 |       0 |   0.0 |       3 |       0 |   0.0
    Abyss:3 |      24 |       0 |   0.0 |       1 |       0 |   0.0
            +---------+---------+-------+---------+---------+-------
